Maple Leafs vs Blues
Created - 16 février 2017 at 22:08
Goals
|
| Maple Leafs |
2 |
0 |
2 |
0 |
4 |
| Blues |
2 |
2 |
0 |
1 |
5 |
|
Shots
|
| Maple Leafs |
8 |
4 |
8 |
0 |
20 |
| Blues |
12 |
15 |
7 |
1 |
35 |
|
1st period
1. Blues , Nicklas Backstrom 19 (Joe Pavelski, Alex Pietrangelo) at 7:12
2. Blues , Nicklas Backstrom 20 (Joe Pavelski) at 8:16
3. Maple Leafs , Jordan Staal 20 (Tobias Enstrom, Claude Giroux) at 13:30
4. Maple Leafs , Alexander Frolov 14 (Claude Giroux, Jordan Staal) at 17:11 (PP)
Penalties :
Paul Kariya (STL) for Hooking (Minor) at 16:57
2nd period
5. Blues , Alex Pietrangelo 13 (Taylor Hall, Nicklas Backstrom) at 11:55 (PP)
6. Blues , David Perron 28 (Nicklas Backstrom, Alex Pietrangelo) at 14:58
Penalties :
Jeff Deslauriers (STL) for Slashing (Minor) at 5:48 - Steve McCarthy served the penalty, Alexander Frolov (Tor) for Tripping (Minor) at 11:39, Jordan Staal (Tor) for High sticking (Minor) at 16:41
3rd period
7. Maple Leafs , Ryan Carter 2 (Justin Abdelkader, Blake Comeau) at 10:10
8. Maple Leafs , Jordan Staal 21 (Claude Giroux, Justin Schultz) at 16:25
Penalties :
Sergei Shirokov (STL) for Hooking (Minor) at 3:22, Eric Nystrom (Tor) for Holding (Minor) at 7:05, Taylor Pyatt (STL) for Close Hand On Puck (Minor) at 16:32
Overtime #1
9. Blues , David Perron 29 (Alex Pietrangelo, Travis Zajac) at 0:16
Penalties :
No Penalty
Goalie Stats
Marc-André Fleury (Tor), 30 saves from 35 shots - (0,857), OTL, 24-11-7, 60:16 minutes
Jeff Deslauriers (STL), 16 saves from 20 shots - (0,800), W, 6-3-1, 60:16 minutes
Players Stats for Maple Leafs
Player Name G A P +/- PIM S H SB GA TA FO MP PP MP PK MP
------------------------------------------------------------------------------------
Alexander Frolov 1 0 1 1 2 1 2 0 0 1 0/1 21:08 2:25 1:19
Blake Comeau 0 1 1 1 0 1 1 0 1 2 1/2 10:56 0:44 1:20
Braydon Coburn 0 0 0 -3 0 0 4 2 1 2 0/0 25:50 3:46 2:16
Claude Giroux 0 3 3 0 0 2 0 2 5 0 1/5 22:38 2:25 2:33
Colby Armstrong 0 0 0 -1 0 0 3 0 0 0 0/0 14:03 2:51 0:00
Eric Nystrom 0 0 0 -1 2 0 3 0 1 0 0/0 12:26 0:44 0:22
Fabian Brunnstrom 0 0 0 -1 0 0 0 1 0 0 0/0 14:39 2:51 0:00
Jamie McBain 0 0 0 0 0 1 2 2 1 1 0/0 15:51 0:00 0:00
Jordan Staal 2 1 3 0 2 3 1 0 0 0 12/30 21:35 2:25 1:31
Justin Abdelkader 0 1 1 1 0 0 1 0 1 0 1/1 9:16 0:11 0:00
Justin Schultz 0 1 1 2 0 0 1 2 1 0 0/0 14:11 0:00 0:00
Marc-Édouard Vlasic 0 0 0 0 0 3 0 0 0 0 0/0 20:28 2:25 1:58
Michael Grabner 0 0 0 -1 0 1 0 0 0 0 0/0 12:35 0:45 0:00
Rob Schremp 0 0 0 -1 0 1 3 0 0 1 3/10 16:03 2:51 1:23
Ryan Carter 1 0 1 1 0 2 3 1 0 0 3/3 9:25 0:21 0:00
Taylor Chorney 0 0 0 2 0 1 0 2 0 0 0/0 18:35 2:25 1:58
Tobias Enstrom 0 1 1 -3 0 3 1 3 1 2 0/0 25:50 3:46 2:16
Zac Dalpe 0 0 0 -1 0 1 1 0 0 1 1/3 11:18 0:00 0:00
Players Stats for Blues
Player Name G A P +/- PIM S H SB GA TA FO MP PP MP PK MP
------------------------------------------------------------------------------------
Alex Pietrangelo 1 3 4 3 0 7 0 0 1 2 0/0 21:41 2:51 0:46
Bryce Lampman 0 0 0 3 0 1 2 1 0 3 0/0 23:08 1:23 3:50
David Perron 2 0 2 2 0 2 3 2 2 1 2/2 20:55 1:42 0:00
Drew Fata 0 0 0 -2 0 1 2 1 0 0 0/0 19:32 0:00 1:49
Drew Stafford 0 0 0 0 0 2 0 1 0 0 0/0 9:22 0:00 1:11
Jake Gardiner 0 0 0 0 0 0 0 3 1 4 0/0 21:00 2:51 1:28
Joe Pavelski 0 2 2 1 0 3 0 0 0 0 1/1 21:30 2:32 0:00
Kevin Porter 0 0 0 0 0 2 1 2 0 0 1/4 12:35 0:00 0:50
Nicklas Backstrom 2 2 4 1 0 6 0 1 2 0 12/22 22:51 2:32 1:03
Nik Antropov 0 0 0 0 0 1 0 0 1 0 5/9 10:19 0:00 3:07
Paul Kariya 0 0 0 0 2 2 1 0 0 0 0/0 12:40 0:00 0:50
Sergei Shirokov 0 0 0 -1 2 1 0 0 2 0 0/0 12:57 1:42 0:00
Steve McCarthy 0 0 0 -2 0 1 1 0 0 0 0/0 16:02 0:00 0:53
Taylor Hall 0 1 1 0 0 0 0 0 0 0 0/0 5:01 2:32 1:56
Taylor Pyatt 0 0 0 -1 2 1 3 2 0 0 0/0 20:32 0:00 2:14
Tomas Kopecky 0 0 0 0 0 2 2 0 0 0 0/1 12:02 0:00 0:00
Travis Hamonic 0 0 0 0 0 0 1 0 0 2 0/0 18:18 1:23 3:36
Travis Zajac 0 1 1 0 0 3 2 0 1 0 12/16 14:25 1:42 1:11
3 Stars
1 - Nicklas Backstrom (STL)
2 - Alex Pietrangelo (STL)
3 - David Perron (STL)
Power Play
Maple Leafs - 1 on 4 Attempt(s) - 25,00%
Blues - 1 on 3 Attempt(s) - 33,33%
Penalty Kill
Maple Leafs - 2 on 3 Attempt(s) - 66,67%
- Score 0 goal in Penalty Kill
Blues - 3 on 4 Attempt(s) - 75,00%
- Score 0 goal in Penalty Kill
Team Stat
Maple Leafs - Hits : 26 - Faceoff Wins : 22 - Blocked Shots : 15 - Penalty Minutes : 6
Blues - Hits : 18 - Faceoff Wins : 33 - Blocked Shots : 13 - Penalty Minutes : 8
Official
Referees : Banfield David and McCreary Bill
Linesman : Pierre Racicot and Mark Shewchyk
Game Notes
No Game Note
Finance
Level 1 -- Attendance: 5750 (95,83%) -- Ticket Income 483 000 $
Level 2 -- Attendance: 4669 (93,38%) -- Ticket Income 242 788 $
Level 3 -- Attendance: 2000 (100,00%) -- Ticket Income 60 000 $
Level 4 -- Attendance: 4000 (100,00%) -- Ticket Income 76 000 $
Luxury Box -- Attendance: 759 (75,90%) -- Ticket Income 128 271 $
Game was played at the Scotttrade center.
Total Attendance: 17178 (95,43%)
Total Ticket Income: 990 059 $
Other Income: 148 509 $
Total Income: 1 138 568 $
Maple Leafs
5 vs 5 Forward
Center Left Wing Right Wing Time % Phy DF OF
1 Jordan Staal Alexander Frolov Claude Giroux 40 1 2 2
2 Rob Schremp Fabian Brunnstrom Michael Grabner 30 1 2 2
3 Zac Dalpe Eric Nystrom Colby Armstrong 20 1 2 2
4 Ryan Carter Justin Abdelkader Blake Comeau 10 1 2 2
5 vs 5 Defense
Defense Defense Time % Phy DF OF
1 Tobias Enstrom Braydon Coburn 40 1 2 2
2 Jamie McBain Marc-Édouard Vlasic 30 1 2 2
3 Taylor Chorney Justin Schultz 20 1 2 2
4 Tobias Enstrom Braydon Coburn 10 1 2 2
PowerPlay Forward
Center Left Wing Right Wing Time % Phy DF OF
1 Jordan Staal Alexander Frolov Claude Giroux 60 1 2 2
2 Rob Schremp Fabian Brunnstrom Colby Armstrong 40 1 2 2
PowerPlay Defense
Defense Defense Time % Phy DF OF
1 Tobias Enstrom Braydon Coburn 60 1 2 2
2 Taylor Chorney Marc-Édouard Vlasic 40 1 2 2
Penalty Kill 4 Players Forward
Center Wing Time % Phy DF OF
1 Jordan Staal Claude Giroux 60 1 2 2
2 Rob Schremp Alexander Frolov 40 1 2 2
Penalty Kill 4 Players Defense
Defense Defense Time % Phy DF OF
1 Tobias Enstrom Braydon Coburn 60 1 2 2
2 Taylor Chorney Marc-Édouard Vlasic 40 1 2 2
Penalty Kill - 3 Players Forward
Forward Time % Phy DF OF
1 Jordan Staal 60 1 2 2
2 Claude Giroux 40 1 2 2
Penalty Kill - 3 Players Defense
Defense Defense Time % Phy DF OF
1 Tobias Enstrom Braydon Coburn 60 1 2 2
2 Taylor Chorney Marc-Édouard Vlasic 40 1 2 2
4 vs 4 Forward
Center Wing Time % Phy DF OF
1 Jordan Staal Claude Giroux 60 1 2 2
2 Rob Schremp Alexander Frolov 40 1 2 2
4 vs 4 Defense
Defense Defense Time % Phy DF OF
1 Tobias Enstrom Braydon Coburn 60 1 2 2
2 Taylor Chorney Marc-Édouard Vlasic 40 1 2 2
Last Minutes Offensive
Center Left Wing Right Wing Defense Defense
Jordan Staal Alexander Frolov Claude Giroux Tobias Enstrom Braydon Coburn
Last Minutes Defensive
Center Left Wing Right Wing Defense Defense
Jordan Staal Alexander Frolov Claude Giroux Tobias Enstrom Braydon Coburn
Goaltenders
Starting : Marc-André Fleury
Backup : Alex Stalock
Extra Forwards
Normal : Michael Grabner, Eric Nystrom, Blake Comeau - PP : Michael Grabner, Eric Nystrom - PK : Blake Comeau
Extra Defensemen
Normal : Jamie McBain, Justin Schultz, Taylor Chorney - PP : Jamie McBain - PK : Justin Schultz, Taylor Chorney
Penalty Shots
Claude Giroux, Michael Grabner, Alexander Frolov, Jordan Staal, Fabian Brunnstrom
Blues
5 vs 5 Forward
Center Left Wing Right Wing Time % Phy DF OF
1 Nicklas Backstrom David Perron Joe Pavelski 40 1 2 2
2 Travis Zajac Taylor Pyatt Sergei Shirokov 30 1 2 2
3 Nik Antropov Taylor Pyatt Drew Stafford 20 1 2 2
4 Kevin Porter Paul Kariya Tomas Kopecky 10 1 2 2
5 vs 5 Defense
Defense Defense Time % Phy DF OF
1 Bryce Lampman Alex Pietrangelo 40 1 2 2
2 Travis Hamonic Jake Gardiner 30 1 2 2
3 Drew Fata Steve McCarthy 20 1 2 2
4 Jake Gardiner Drew Fata 10 1 2 2
PowerPlay Forward
Center Left Wing Right Wing Time % Phy DF OF
1 Nicklas Backstrom Taylor Hall Joe Pavelski 60 1 2 2
2 Travis Zajac David Perron Sergei Shirokov 40 1 2 2
PowerPlay Defense
Defense Defense Time % Phy DF OF
1 Jake Gardiner Alex Pietrangelo 60 1 2 2
2 Travis Hamonic Bryce Lampman 40 1 2 2
Penalty Kill 4 Players Forward
Center Wing Time % Phy DF OF
1 Nik Antropov Taylor Pyatt 60 1 2 2
2 Travis Zajac Drew Stafford 40 1 2 2
Penalty Kill 4 Players Defense
Defense Defense Time % Phy DF OF
1 Travis Hamonic Bryce Lampman 60 1 2 2
2 Steve McCarthy Drew Fata 40 1 2 2
Penalty Kill - 3 Players Forward
Forward Time % Phy DF OF
1 Nik Antropov 60 1 2 2
2 Taylor Pyatt 40 1 2 2
Penalty Kill - 3 Players Defense
Defense Defense Time % Phy DF OF
1 Travis Hamonic Drew Fata 60 1 2 2
2 Bryce Lampman Jake Gardiner 40 1 2 2
4 vs 4 Forward
Center Wing Time % Phy DF OF
1 Travis Zajac David Perron 60 1 2 2
2 Nicklas Backstrom Taylor Hall 40 1 2 2
4 vs 4 Defense
Defense Defense Time % Phy DF OF
1 Bryce Lampman Alex Pietrangelo 60 1 2 2
2 Drew Fata Jake Gardiner 40 1 2 2
Last Minutes Offensive
Center Left Wing Right Wing Defense Defense
Nicklas Backstrom David Perron Joe Pavelski Jake Gardiner Alex Pietrangelo
Last Minutes Defensive
Center Left Wing Right Wing Defense Defense
Nik Antropov David Perron Drew Stafford Bryce Lampman Drew Fata
Goaltenders
Starting : Jeff Deslauriers
Backup : Tuukka Rask
Extra Forwards
Normal : Nicklas Backstrom, Sergei Shirokov, Tomas Kopecky - PP : Nicklas Backstrom, David Perron - PK : Taylor Pyatt
Extra Defensemen
Normal : Drew Fata, Steve McCarthy, Jake Gardiner - PP : Bryce Lampman - PK : Travis Hamonic, Jake Gardiner
Penalty Shots
David Perron, Joe Pavelski, Travis Zajac, Nik Antropov, Sergei Shirokov
% Time on Ice - Maple Leafs
Lines # - Real PCT - Wanted PCT - Time Play
Normal Forward
1 - 37% - 40% - 18:23
2 - 24% - 30% - 11:58
3 - 22% - 20% - 10:51
4 - 17% - 10% - 8:23
Normal Defense
1 - 36% - 40% - 17:42
2 - 34% - 30% - 16:44
3 - 27% - 20% - 13:19
4 - 4% - 10% - 1:50
PP Forward
1 - 39% - 60% - 2:25
2 - 61% - 40% - 3:46
PP Defense
1 - 61% - 60% - 3:46
2 - 39% - 40% - 2:25
PK Forward
1 - 88% - 60% - 3:43
2 - 12% - 40% - 0:31
PK Defense
1 - 54% - 60% - 2:16
2 - 46% - 40% - 1:58
PK3 Forward
1 - 0% - 60%
2 - 0% - 40%
PK3 Defense
1 - 0% - 60%
2 - 0% - 40%
44 Forward
1 - 100% - 60% - 0:16
2 - 0% - 40% - 0:00
44 Defense
1 - 100% - 60% - 0:16
2 - 0% - 40% - 0:00
Last Minute Offensive - 0:00
Last Minute Defensive - 0:00
Total
Forward - 60:16
Defense - 60:16
|
% Time on Ice - Blues
Lines # - Real PCT - Wanted PCT - Time Play
Normal Forward
1 - 40% - 40% - 19:52
2 - 22% - 30% - 11:06
3 - 15% - 20% - 7:12
4 - 23% - 10% - 11:25
Normal Defense
1 - 36% - 40% - 17:51
2 - 27% - 30% - 13:11
3 - 29% - 20% - 14:28
4 - 8% - 10% - 4:05
PP Forward
1 - 60% - 60% - 2:32
2 - 40% - 40% - 1:42
PP Defense
1 - 67% - 60% - 2:51
2 - 33% - 40% - 1:23
PK Forward
1 - 83% - 60% - 5:08
2 - 17% - 40% - 1:03
PK Defense
1 - 71% - 60% - 4:22
2 - 29% - 40% - 1:49
PK3 Forward
1 - 0% - 60%
2 - 0% - 40%
PK3 Defense
1 - 0% - 60%
2 - 0% - 40%
44 Forward
1 - 100% - 60% - 0:16
2 - 0% - 40% - 0:00
44 Defense
1 - 100% - 60% - 0:16
2 - 0% - 40% - 0:00
Last Minute Offensive - 0:00
Last Minute Defensive - 0:00
Total
Forward - 60:16
Defense - 60:16
|
Play by Play
1st period
0:01 of 1st period - Nicklas Backstrom wins face-off versus Jordan Staal in neutral zone.
0:06 of 1st period - Wrist shot by Nicklas Backstrom.
0:06 of 1st period - Stopped by Marc-André Fleury with a rebound.
0:13 of 1st period - Slapshot by Tobias Enstrom.
0:13 of 1st period - Stopped by Jeff Deslauriers without a rebound.
0:14 of 1st period - Travis Zajac wins face-off versus Rob Schremp in Blues zone.
0:31 of 1st period - Wrist shot by Travis Zajac.
0:31 of 1st period - Shot Blocked by Jamie McBain.
0:41 of 1st period - Travis Hamonic is hit by Jamie McBain and loses puck.
1:08 of 1st period - Joe Pavelski is hit by Justin Schultz and loses puck.
1:51 of 1st period - Icing by Fabian Brunnstrom.
1:52 of 1st period - Rob Schremp wins face-off versus Kevin Porter in Maple Leafs zone.
1:52 of 1st period - Rob Schremp is hit by Tomas Kopecky.
2:04 of 1st period - Wrist shot by Claude Giroux.
2:04 of 1st period - Deflect By Drew Fata.
2:04 of 1st period - Stopped by Jeff Deslauriers without a rebound.
2:05 of 1st period - Nicklas Backstrom wins face-off versus Jordan Staal in Blues zone.
2:36 of 1st period - Off-side.
2:37 of 1st period - Nik Antropov wins face-off versus Zac Dalpe in neutral zone.
2:44 of 1st period - Bryce Lampman is hit by Eric Nystrom and loses puck.
3:03 of 1st period - Paul Kariya is hit by Rob Schremp and loses puck.
3:30 of 1st period - Tobias Enstrom is hit by Travis Zajac and loses puck.
4:09 of 1st period - Snap shot by Kevin Porter.
4:09 of 1st period - Stopped by Marc-André Fleury with a rebound.
4:11 of 1st period - Slapshot by Steve McCarthy.
4:11 of 1st period - Deflect By Justin Schultz.
4:11 of 1st period - Stopped by Marc-André Fleury with a rebound.
4:13 of 1st period - Wrist shot by Tomas Kopecky.
4:13 of 1st period - Shot Hit the Post.
5:04 of 1st period - Blake Comeau is hit by Paul Kariya and loses puck.
5:29 of 1st period - Slapshot by Justin Abdelkader.
5:29 of 1st period - Shot Misses the Net.
5:31 of 1st period - Slapshot by Taylor Chorney.
5:31 of 1st period - Shot Blocked by Jake Gardiner.
6:22 of 1st period - Wrist shot by Blake Comeau.
6:22 of 1st period - Shot Misses the Net.
6:33 of 1st period - Off-side.
6:34 of 1st period - Jordan Staal wins face-off versus Travis Zajac in neutral zone.
6:49 of 1st period - Snap shot by Alex Pietrangelo.
6:49 of 1st period - Shot Misses the Net.
6:51 of 1st period - Slapshot by Alex Pietrangelo.
6:51 of 1st period - Stopped by Marc-André Fleury with a rebound.
7:12 of 1st period - Snap shot by Joe Pavelski.
7:12 of 1st period - Deflect By Nicklas Backstrom.
7:12 of 1st period - Goal by Nicklas Backstrom - Maple Leafs : 0 - Blues : 1.
7:13 of 1st period - Jordan Staal wins face-off versus Nicklas Backstrom in neutral zone.
8:05 of 1st period - Colby Armstrong is hit by Drew Fata and loses puck.
8:16 of 1st period - Wrist shot by Nicklas Backstrom.
8:16 of 1st period - Goal by Nicklas Backstrom - Maple Leafs : 0 - Blues : 2.
8:17 of 1st period - Nicklas Backstrom wins face-off versus Claude Giroux in neutral zone.
8:26 of 1st period - Tobias Enstrom is hit by David Perron and loses puck.
9:05 of 1st period - Bryce Lampman is hit by Rob Schremp and loses puck.
9:28 of 1st period - Wrist shot by Eric Nystrom.
9:28 of 1st period - Shot Blocked by David Perron.
9:36 of 1st period - David Perron is hit by Colby Armstrong and loses puck.
10:58 of 1st period - Bryce Lampman is hit by Ryan Carter and loses puck.
11:25 of 1st period - Icing by Nicklas Backstrom.
11:26 of 1st period - Rob Schremp wins face-off versus Nicklas Backstrom in Blues zone.
11:35 of 1st period - Wrist shot by Michael Grabner.
11:35 of 1st period - Stopped by Jeff Deslauriers without a rebound.
11:36 of 1st period - Nicklas Backstrom wins face-off versus Jordan Staal in Blues zone.
11:41 of 1st period - Snap shot by Joe Pavelski.
11:41 of 1st period - Shot Misses the Net.
11:49 of 1st period - Backhand shot by Jordan Staal.
11:49 of 1st period - Shot Misses the Net.
12:07 of 1st period - Slapshot by Alex Pietrangelo.
12:07 of 1st period - Deflect By Taylor Pyatt.
12:07 of 1st period - Shot Blocked by Fabian Brunnstrom.
12:07 of 1st period - Puck is out of play.
12:08 of 1st period - Travis Zajac wins face-off versus Rob Schremp in Maple Leafs zone.
12:17 of 1st period - Snap shot by Sergei Shirokov.
12:17 of 1st period - Stopped by Marc-André Fleury without a rebound.
12:18 of 1st period - Travis Zajac wins face-off versus Rob Schremp in Maple Leafs zone.
12:52 of 1st period - Slapshot by Travis Zajac.
12:52 of 1st period - Stopped by Marc-André Fleury with a rebound.
12:54 of 1st period - Slapshot by Drew Fata.
12:54 of 1st period - Stopped by Marc-André Fleury without a rebound.
12:55 of 1st period - Nicklas Backstrom wins face-off versus Jordan Staal in Maple Leafs zone.
13:04 of 1st period - Snap shot by Nicklas Backstrom.
13:04 of 1st period - Stopped by Marc-André Fleury without a rebound.
13:05 of 1st period - Jordan Staal wins face-off versus Nicklas Backstrom in Maple Leafs zone.
13:14 of 1st period - Slapshot by Alex Pietrangelo.
13:14 of 1st period - Deflect By Joe Pavelski.
13:14 of 1st period - Stopped by Marc-André Fleury without a rebound.
13:15 of 1st period - Travis Zajac wins face-off versus Jordan Staal in Maple Leafs zone.
13:26 of 1st period - Snap shot by Tobias Enstrom.
13:26 of 1st period - Stopped by Jeff Deslauriers with a rebound.
13:28 of 1st period - Slapshot by Tobias Enstrom.
13:28 of 1st period - Shot Blocked by Taylor Pyatt.
13:30 of 1st period - Wrist shot by Jordan Staal.
13:30 of 1st period - Goal by Jordan Staal - Maple Leafs : 1 - Blues : 2.
13:31 of 1st period - Jordan Staal wins face-off versus Nicklas Backstrom in neutral zone.
14:08 of 1st period - Slapshot by Taylor Pyatt.
14:08 of 1st period - Shot Blocked by Braydon Coburn.
14:40 of 1st period - Off-side.
14:41 of 1st period - Ryan Carter wins face-off versus Travis Zajac in neutral zone.
14:46 of 1st period - Slapshot by Marc-Édouard Vlasic.
14:46 of 1st period - Stopped by Jeff Deslauriers without a rebound.
14:47 of 1st period - Nicklas Backstrom wins face-off versus Jordan Staal in Blues zone.
15:14 of 1st period - Bryce Lampman is hit by Eric Nystrom and loses puck.
15:25 of 1st period - Wrist shot by Alex Pietrangelo.
15:25 of 1st period - Shot Blocked by Jamie McBain.
15:35 of 1st period - Wrist shot by Fabian Brunnstrom.
15:35 of 1st period - Shot Misses the Net.
15:48 of 1st period - Travis Hamonic is hit by Rob Schremp and loses puck.
16:57 of 1st period - Minor Penalty to Paul Kariya for Hooking.
16:58 of 1st period - Jordan Staal wins face-off versus Nik Antropov in Blues zone.
17:11 of 1st period - Wrist shot by Alexander Frolov.
17:11 of 1st period - Goal by Alexander Frolov - Maple Leafs : 2 - Blues : 2.
17:12 of 1st period - Jordan Staal wins face-off versus Nicklas Backstrom in neutral zone.
17:23 of 1st period - Snap shot by Claude Giroux.
17:23 of 1st period - Shot Misses the Net.
17:39 of 1st period - Michael Grabner is hit by Taylor Pyatt and loses puck.
18:29 of 1st period - Wrist shot by Blake Comeau.
18:29 of 1st period - Stopped by Jeff Deslauriers with a rebound.
18:51 of 1st period - Wrist shot by Joe Pavelski.
18:51 of 1st period - Stopped by Marc-André Fleury without a rebound.
18:52 of 1st period - Nicklas Backstrom wins face-off versus Rob Schremp in Maple Leafs zone.
19:57 of 1st period - Off-side.
19:58 of 1st period - Ryan Carter wins face-off versus Nik Antropov in neutral zone.
Goals for this period are 2 for Maple Leafs vs 2 for Blues.
Shots for this period are 8 for Maple Leafs vs 12 for Blues.
2nd period
0:01 of 2nd period - Jordan Staal wins face-off versus Nicklas Backstrom in neutral zone.
0:06 of 2nd period - Snap shot by Claude Giroux.
0:06 of 2nd period - Shot Blocked by David Perron.
0:54 of 2nd period - Slapshot by Tomas Kopecky.
0:54 of 2nd period - Stopped by Marc-André Fleury without a rebound.
0:55 of 2nd period - Jordan Staal wins face-off versus Kevin Porter in Maple Leafs zone.
0:55 of 2nd period - Jordan Staal is hit by Tomas Kopecky.
1:01 of 2nd period - Tomas Kopecky is hit by Jamie McBain and loses puck.
1:32 of 2nd period - Slapshot by Marc-Édouard Vlasic.
1:32 of 2nd period - Stopped by Jeff Deslauriers with a rebound.
1:42 of 2nd period - Zac Dalpe is hit by David Perron and loses puck.
2:07 of 2nd period - Wrist shot by Taylor Pyatt.
2:07 of 2nd period - Shot Blocked by Justin Schultz.
2:09 of 2nd period - Slapshot by Drew Stafford.
2:09 of 2nd period - Shot Blocked by Justin Schultz.
2:11 of 2nd period - Snap shot by Taylor Pyatt.
2:11 of 2nd period - Shot Blocked by Ryan Carter.
2:13 of 2nd period - Snap shot by Drew Stafford.
2:13 of 2nd period - Stopped by Marc-André Fleury without a rebound.
2:14 of 2nd period - Nicklas Backstrom wins face-off versus Jordan Staal in Maple Leafs zone.
2:47 of 2nd period - Snap shot by Rob Schremp.
2:47 of 2nd period - Shot Misses the Net.
3:05 of 2nd period - Slapshot by Eric Nystrom.
3:05 of 2nd period - Shot Blocked by Bryce Lampman.
3:07 of 2nd period - Slapshot by Braydon Coburn.
3:07 of 2nd period - Shot Misses the Net.
3:09 of 2nd period - Slapshot by Eric Nystrom.
3:09 of 2nd period - Shot Misses the Net.
3:39 of 2nd period - Snap shot by Claude Giroux.
3:39 of 2nd period - Shot Misses the Net.
4:17 of 2nd period - Paul Kariya is hit by Ryan Carter and loses puck.
4:22 of 2nd period - Wrist shot by Justin Abdelkader.
4:22 of 2nd period - Shot Blocked by Jake Gardiner.
4:24 of 2nd period - Slapshot by Taylor Chorney.
4:24 of 2nd period - Stopped by Jeff Deslauriers with a rebound.
4:28 of 2nd period - Snap shot by Ryan Carter.
4:28 of 2nd period - Shot Blocked by Jake Gardiner.
4:56 of 2nd period - Snap shot by Alex Pietrangelo.
4:56 of 2nd period - Deflect By Joe Pavelski.
4:56 of 2nd period - Shot Misses the Net.
4:56 of 2nd period - Puck is out of play.
4:57 of 2nd period - Nicklas Backstrom wins face-off versus Claude Giroux in Maple Leafs zone.
5:10 of 2nd period - Nicklas Backstrom is hit by Alexander Frolov and loses puck.
5:23 of 2nd period - Bryce Lampman is hit by Eric Nystrom and loses puck.
5:48 of 2nd period - Wrist shot by Rob Schremp.
5:48 of 2nd period - Stopped by Jeff Deslauriers without a rebound.
5:48 of 2nd period - Minor Penalty to Jeff Deslauriers for Slashing.
5:49 of 2nd period - Nik Antropov wins face-off versus Jordan Staal in Blues zone.
7:04 of 2nd period - Jordan Staal is hit by Travis Zajac and loses puck.
7:48 of 2nd period - Penalty to Steve McCarthy is over, Steve McCarthy is back on ice.
7:59 of 2nd period - Snap shot by Joe Pavelski.
7:59 of 2nd period - Stopped by Marc-André Fleury with a rebound.
8:22 of 2nd period - Zac Dalpe is hit by Kevin Porter and loses puck.
9:11 of 2nd period - Wrist shot by Tomas Kopecky.
9:11 of 2nd period - Stopped by Marc-André Fleury with a rebound.
9:13 of 2nd period - Snap shot by Kevin Porter.
9:13 of 2nd period - Shot Blocked by Tobias Enstrom.
9:15 of 2nd period - Snap shot by Tomas Kopecky.
9:15 of 2nd period - Shot Misses the Net.
9:17 of 2nd period - Slapshot by Bryce Lampman.
9:17 of 2nd period - Stopped by Marc-André Fleury without a rebound.
9:18 of 2nd period - Travis Zajac wins face-off versus Claude Giroux in Maple Leafs zone.
10:10 of 2nd period - Snap shot by Ryan Carter.
10:10 of 2nd period - Shot Misses the Net.
10:12 of 2nd period - Snap shot by Justin Abdelkader.
10:12 of 2nd period - Shot Blocked by Drew Fata.
10:14 of 2nd period - Wrist shot by Blake Comeau.
10:14 of 2nd period - Shot Blocked by Taylor Pyatt.
10:16 of 2nd period - Snap shot by Ryan Carter.
10:16 of 2nd period - Shot Misses the Net.
10:26 of 2nd period - Wrist shot by Nik Antropov.
10:26 of 2nd period - Stopped by Marc-André Fleury with a rebound.
11:01 of 2nd period - Snap shot by Paul Kariya.
11:01 of 2nd period - Stopped by Marc-André Fleury without a rebound.
11:02 of 2nd period - Justin Abdelkader wins face-off versus Kevin Porter in Maple Leafs zone.
11:39 of 2nd period - Minor Penalty to Alexander Frolov for Tripping.
11:40 of 2nd period - Nicklas Backstrom wins face-off versus Jordan Staal in Maple Leafs zone.
11:53 of 2nd period - Wrist shot by Taylor Hall.
11:53 of 2nd period - Shot Blocked by Tobias Enstrom.
11:55 of 2nd period - Slapshot by Alex Pietrangelo.
11:55 of 2nd period - Goal by Alex Pietrangelo - Maple Leafs : 2 - Blues : 3.
11:56 of 2nd period - Travis Zajac wins face-off versus Jordan Staal in neutral zone.
11:59 of 2nd period - Jordan Staal is hit by Taylor Pyatt and loses puck.
13:32 of 2nd period - Alexander Frolov is hit by Bryce Lampman and loses puck.
14:08 of 2nd period - Marc-Édouard Vlasic is hit by David Perron and loses puck.
14:45 of 2nd period - Wrist shot by Zac Dalpe.
14:45 of 2nd period - Stopped by Jeff Deslauriers without a rebound.
14:46 of 2nd period - Nicklas Backstrom wins face-off versus Zac Dalpe in Blues zone.
14:46 of 2nd period - Nicklas Backstrom is hit by Braydon Coburn.
14:56 of 2nd period - Wrist shot by Nicklas Backstrom.
14:56 of 2nd period - Stopped by Marc-André Fleury with a rebound.
14:58 of 2nd period - Slapshot by David Perron.
14:58 of 2nd period - Goal by David Perron - Maple Leafs : 2 - Blues : 4.
14:59 of 2nd period - Travis Zajac wins face-off versus Claude Giroux in neutral zone.
15:02 of 2nd period - Slapshot by Alex Pietrangelo.
15:02 of 2nd period - Stopped by Marc-André Fleury with a rebound.
15:10 of 2nd period - Slapshot by Alex Pietrangelo.
15:10 of 2nd period - Shot Misses the Net.
15:12 of 2nd period - Slapshot by Alex Pietrangelo.
15:12 of 2nd period - Deflect By Jordan Staal.
15:12 of 2nd period - Stopped by Marc-André Fleury without a rebound.
15:13 of 2nd period - Claude Giroux wins face-off versus Nicklas Backstrom in Maple Leafs zone.
15:16 of 2nd period - Slapshot by Alex Pietrangelo.
15:16 of 2nd period - Stopped by Marc-André Fleury with a rebound.
15:29 of 2nd period - Off-side.
15:30 of 2nd period - Travis Zajac wins face-off versus Rob Schremp in neutral zone.
15:57 of 2nd period - Travis Hamonic is hit by Braydon Coburn and loses puck.
16:10 of 2nd period - Snap shot by Nicklas Backstrom.
16:10 of 2nd period - Stopped by Marc-André Fleury without a rebound.
16:11 of 2nd period - Nik Antropov wins face-off versus Jordan Staal in Maple Leafs zone.
16:12 of 2nd period - Snap shot by Drew Stafford.
16:12 of 2nd period - Deflect By Claude Giroux.
16:12 of 2nd period - Shot Blocked by Taylor Chorney.
16:12 of 2nd period - Puck is out of play.
16:13 of 2nd period - Nik Antropov wins face-off versus Jordan Staal in Maple Leafs zone.
16:26 of 2nd period - Snap shot by Drew Stafford.
16:26 of 2nd period - Stopped by Marc-André Fleury without a rebound.
16:27 of 2nd period - David Perron wins face-off versus Jordan Staal in Maple Leafs zone.
16:41 of 2nd period - Minor Penalty to Jordan Staal for High sticking.
16:42 of 2nd period - Joe Pavelski wins face-off versus Blake Comeau in Maple Leafs zone.
16:53 of 2nd period - Off-side.
16:54 of 2nd period - Blake Comeau wins face-off versus Nicklas Backstrom in neutral zone.
16:57 of 2nd period - Joe Pavelski is hit by Braydon Coburn and loses puck.
18:41 of 2nd period - Penalty to Jordan Staal is over, Jordan Staal is back on ice.
19:08 of 2nd period - Taylor Pyatt is hit by Ryan Carter and loses puck.
19:23 of 2nd period - Nik Antropov is hit by Alexander Frolov and loses puck.
19:46 of 2nd period - Tomas Kopecky is hit by Colby Armstrong and loses puck.
19:59 of 2nd period - Bryce Lampman is hit by Braydon Coburn.
Goals for this period are 0 for Maple Leafs vs 2 for Blues.
Shots for this period are 4 for Maple Leafs vs 15 for Blues.
3rd period
0:01 of 3rd period - Travis Zajac wins face-off versus Jordan Staal in neutral zone.
0:10 of 3rd period - Wrist shot by Bryce Lampman.
0:10 of 3rd period - Deflect By Taylor Pyatt.
0:10 of 3rd period - Stopped by Marc-André Fleury with a rebound.
0:12 of 3rd period - Slapshot by Bryce Lampman.
0:12 of 3rd period - Shot Blocked by Claude Giroux.
0:14 of 3rd period - Slapshot by Taylor Pyatt.
0:14 of 3rd period - Shot Misses the Net.
0:16 of 3rd period - Slapshot by Alex Pietrangelo.
0:16 of 3rd period - Stopped by Marc-André Fleury with a rebound.
1:12 of 3rd period - Taylor Pyatt is hit by Blake Comeau and loses puck.
1:42 of 3rd period - Snap shot by Jordan Staal.
1:42 of 3rd period - Shot Blocked by Nicklas Backstrom.
1:44 of 3rd period - Slapshot by Marc-Édouard Vlasic.
1:44 of 3rd period - Stopped by Jeff Deslauriers with a rebound.
2:22 of 3rd period - Wrist shot by Kevin Porter.
2:22 of 3rd period - Stopped by Marc-André Fleury without a rebound.
2:23 of 3rd period - Jordan Staal wins face-off versus Tomas Kopecky in Maple Leafs zone.
2:37 of 3rd period - Slapshot by Drew Fata.
2:37 of 3rd period - Shot Misses the Net.
3:12 of 3rd period - Snap shot by Justin Abdelkader.
3:12 of 3rd period - Shot Misses the Net.
3:14 of 3rd period - Slapshot by Ryan Carter.
3:14 of 3rd period - Stopped by Jeff Deslauriers with a rebound.
3:16 of 3rd period - Slapshot by Jamie McBain.
3:16 of 3rd period - Stopped by Jeff Deslauriers with a rebound.
3:18 of 3rd period - Slapshot by Marc-Édouard Vlasic.
3:18 of 3rd period - Deflect By Justin Abdelkader.
3:18 of 3rd period - Shot Misses the Net.
3:18 of 3rd period - Puck is out of play.
3:19 of 3rd period - Travis Zajac wins face-off versus Jordan Staal in Blues zone.
3:19 of 3rd period - Travis Zajac is hit by Jordan Staal.
3:22 of 3rd period - Minor Penalty to Sergei Shirokov for Hooking.
3:23 of 3rd period - Jordan Staal wins face-off versus Nik Antropov in Blues zone.
3:36 of 3rd period - Travis Hamonic is hit by Tobias Enstrom and loses puck.
4:41 of 3rd period - Taylor Chorney is hit by Bryce Lampman and loses puck.
5:20 of 3rd period - Taylor Chorney is hit by Drew Fata and loses puck.
5:22 of 3rd period - Penalty to Sergei Shirokov is over, Sergei Shirokov is back on ice.
5:29 of 3rd period - Snap shot by Travis Zajac.
5:29 of 3rd period - Stopped by Marc-André Fleury with a rebound.
5:31 of 3rd period - Slapshot by Drew Stafford.
5:31 of 3rd period - Deflect By Sergei Shirokov.
5:31 of 3rd period - Shot Misses the Net.
5:31 of 3rd period - Puck is out of play.
5:32 of 3rd period - Ryan Carter wins face-off versus Nicklas Backstrom in Maple Leafs zone.
5:41 of 3rd period - Travis Hamonic is hit by Justin Abdelkader and loses puck.
6:22 of 3rd period - Wrist shot by Paul Kariya.
6:22 of 3rd period - Stopped by Marc-André Fleury without a rebound.
6:23 of 3rd period - David Perron wins face-off versus Rob Schremp in Maple Leafs zone.
6:30 of 3rd period - Slapshot by Alex Pietrangelo.
6:30 of 3rd period - Shot Misses the Net.
6:57 of 3rd period - Backhand shot by Travis Zajac.
6:57 of 3rd period - Shot Misses the Net.
7:05 of 3rd period - Minor Penalty to Eric Nystrom for Holding.
7:06 of 3rd period - Nicklas Backstrom wins face-off versus Jordan Staal in Maple Leafs zone.
7:41 of 3rd period - Slapshot by Alex Pietrangelo.
7:41 of 3rd period - Deflect By Claude Giroux.
7:41 of 3rd period - Stopped by Marc-André Fleury without a rebound.
7:42 of 3rd period - Travis Zajac wins face-off versus Jordan Staal in Maple Leafs zone.
7:43 of 3rd period - Slapshot by David Perron.
7:43 of 3rd period - Shot Blocked by Braydon Coburn.
9:05 of 3rd period - Penalty to Eric Nystrom is over, Eric Nystrom is back on ice.
9:17 of 3rd period - Drew Stafford is hit by Colby Armstrong and loses puck.
10:10 of 3rd period - Snap shot by Justin Abdelkader.
10:10 of 3rd period - Deflect By Ryan Carter.
10:10 of 3rd period - Goal by Ryan Carter - Maple Leafs : 3 - Blues : 4.
10:11 of 3rd period - Jordan Staal wins face-off versus Nicklas Backstrom in neutral zone.
12:08 of 3rd period - Snap shot by Zac Dalpe.
12:08 of 3rd period - Shot Blocked by Kevin Porter.
12:14 of 3rd period - Slapshot by Alex Pietrangelo.
12:14 of 3rd period - Shot Blocked by Tobias Enstrom.
12:26 of 3rd period - Snap shot by Fabian Brunnstrom.
12:26 of 3rd period - Shot Blocked by Drew Stafford.
12:28 of 3rd period - Slapshot by Tobias Enstrom.
12:28 of 3rd period - Stopped by Jeff Deslauriers without a rebound.
12:29 of 3rd period - Rob Schremp wins face-off versus Travis Zajac in Blues zone.
12:34 of 3rd period - Snap shot by Fabian Brunnstrom.
12:34 of 3rd period - Shot Misses the Net.
12:54 of 3rd period - Tomas Kopecky is hit by Zac Dalpe and loses puck.
13:04 of 3rd period - Icing by Travis Hamonic.
13:05 of 3rd period - Kevin Porter wins face-off versus Alexander Frolov in Blues zone.
13:12 of 3rd period - Wrist shot by Claude Giroux.
13:12 of 3rd period - Shot Misses the Net.
13:14 of 3rd period - Slapshot by Claude Giroux.
13:14 of 3rd period - Shot Blocked by Kevin Porter.
13:18 of 3rd period - Snap shot by Jordan Staal.
13:18 of 3rd period - Stopped by Jeff Deslauriers without a rebound.
13:19 of 3rd period - Jordan Staal wins face-off versus Travis Zajac in Blues zone.
13:31 of 3rd period - Slapshot by Travis Zajac.
13:31 of 3rd period - Shot Misses the Net.
13:33 of 3rd period - Snap shot by Sergei Shirokov.
13:33 of 3rd period - Shot Blocked by Claude Giroux.
13:35 of 3rd period - Slapshot by Taylor Pyatt.
13:35 of 3rd period - Deflect By Travis Zajac.
13:35 of 3rd period - Stopped by Marc-André Fleury with a rebound.
14:36 of 3rd period - Alexander Frolov is hit by Steve McCarthy and loses puck.
16:01 of 3rd period - Slapshot by David Perron.
16:01 of 3rd period - Shot Blocked by Taylor Chorney.
16:23 of 3rd period - Snap shot by Claude Giroux.
16:23 of 3rd period - Stopped by Jeff Deslauriers with a rebound.
16:25 of 3rd period - Wrist shot by Jordan Staal.
16:25 of 3rd period - Goal by Jordan Staal - Maple Leafs : 4 - Blues : 4.
16:26 of 3rd period - Zac Dalpe wins face-off versus Nik Antropov in neutral zone.
16:32 of 3rd period - Minor Penalty to Taylor Pyatt for Close Hand On Puck.
16:33 of 3rd period - Nik Antropov wins face-off versus Rob Schremp in Blues zone.
18:27 of 3rd period - Braydon Coburn is hit by Travis Hamonic and loses puck.
18:32 of 3rd period - Penalty to Taylor Pyatt is over, Taylor Pyatt is back on ice.
18:47 of 3rd period - Eric Nystrom is hit by Taylor Pyatt and loses puck.
Goals for this period are 2 for Maple Leafs vs 0 for Blues.
Shots for this period are 8 for Maple Leafs vs 7 for Blues.
Overtime #1
0:01 of 1st overtime period - Travis Zajac wins face-off versus Jordan Staal in neutral zone.
0:16 of 1st overtime period - Wrist shot by David Perron.
0:16 of 1st overtime period - Goal by David Perron - Maple Leafs : 4 - Blues : 5.
Goals for this period are 0 for Maple Leafs vs 1 for Blues.
Shots for this period are 0 for Maple Leafs vs 1 for Blues.
Back to the Top